 Dungeon Crawl Stone Soup version 0.27.1-33-g824d729ab1 (webtiles) character file.

Game seed: 15812078739898862330

29 comborobin the Sneak (level 2, 0/26 HPs)
             Began as a Demigod Delver on Dec 28, 2021.
             Succumbed to an adder's poison
             ... on level 2 of the Dungeon.
             The game lasted 00:01:05 (1042 turns).

comborobin the Sneak (Demigod Delver)               Turns: 1042, Time: 00:01:05

Health: 0/26       AC:  4    Str: 13    XL:     2   Next: 81%
Magic:  4/4        EV: 11    Int: 12    God:
Gold:   19         SH:  0    Dex: 15    Spells: 1/1 levels left

rFire    . . .     SeeInvis .   a - +0 short sword
rCold    . . .     Faith    .   (no shield)
rNeg     . . .     Spirit   .   b - +0 leather armour
rPois    .         Reflect  .   (no helmet)
rElec    .         Harm     .   j - +0 cloak
rCorr    .         Rampage  .   (no gloves)
Will     .....                  (no boots)
Stlth    +++.......             (no amulet)
HPRegen  0.08/turn              (no ring)
MPRegen  0.09/turn              (no ring)

@: lethally poisoned (0 -> -9), hasted, very quick
A: high mp 1, forlorn
a: no special abilities


You were on level 2 of the Dungeon.
You visited 1 branch of the dungeon, and saw 5 of its levels.

You collected 19 gold pieces.

Inventory:

Hand Weapons
 a - a +0 short sword (weapon)
Armour
 b - a +0 leather armour (worn)
 j - a +0 cloak (worn)
Wands
 g - a wand of digging (3)
Scrolls
 c - a scroll of fog
 d - a scroll of magic mapping
 e - 2 scrolls of fear
 h - a scroll of identify {unknown}
 i - a scroll of teleportation {unknown}


   Skills:
 + Level 3.2 Fighting
 - Level 2.6 Short Blades
 - Level 1.7 Dodging
 - Level 4.5 Stealth


You had one spell level left.
You didn't know any spells.
Your spell library was empty.

Dungeon Overview and Level Annotations

Branches:
Dungeon (6/15)
 Temple: D:4-7


Innate Abilities, Weirdness & Mutations

Your attributes grow dramatically as you level up.
You have an increased reservoir of magic. (+10% MP)
You shall have no god before yourself.


Message History

Press: ? - help, Q - select action Shift-Dir - straight line, p - adder You throw a poisoned dart.
The poisoned dart closely misses the adder.
The adder bites you but does no damage.
Throw: 3 darts (poison)
Press: ? - help, Q - select action Shift-Dir - straight line, f - adder
Aim: an adder (lightly wounded, 40% to hit)
You throw a poisoned dart.
The poisoned dart closely misses the adder.
The adder bites you but does no damage. The adder bites you.
Throw: 2 darts (poison)
Press: ? - help, Q - select action Shift-Dir - straight line, f/p - adder
Aim: an adder (lightly wounded, 40% to hit)
You throw a poisoned dart.
The poisoned dart closely misses the adder.
The adder barely misses you.
Throw: dart (poison)
Press: ? - help, Q - select action Shift-Dir - straight line, f/p - adder
Aim: an adder (lightly wounded, 40% to hit)
You throw a poisoned dart. The poisoned dart hits the adder.
The adder is poisoned.
The adder is lightly wounded.
The adder closely misses you.
You closely miss the adder.
The adder is lightly wounded.
The adder misses you. The adder bites you.
You are poisoned.
The adder poisons you!
You hit the adder.
The adder is moderately wounded.
You feel sick. The adder bites you.
You are lethally poisoned!
The adder poisons you!
You hit the adder.
The adder is severely wounded.
* * * LOW HITPOINT WARNING * * *
You feel sick. The adder bites you.
* * * LOW HITPOINT WARNING * * *
You feel yourself speed up.
You die...

#)# #....# #.# ####.# ##
###.#### #.# .. #......#
##+# #. #.#.##.# ##... #.
#.#.##.# ##.... #. #....#.#
##.....
..#.##?####......###>.[.(.
..(.....S@.........+.....รท
..#.##)####......###......
.<. #......# ##..... #.###
##..##.# ##.... # #.....#
##... ##.#### ##'#
#.######## #.# #.#......#
#.# #.#.####.###.#


You could see an adder (poisoned).

Vanquished Creatures
  An adder (D:2)
  An ufetubus (D:6)
  2 dart slugs (D:2)
  A bat (D:3)
  An endoplasm (D:2)
  A giant cockroach (D:3)
  2 goblins
  A frilled lizard (D:2)
  2 rats (D:3)
12 creatures vanquished.

Notes
Turn   | Place    | Note
-------+----------+-------------------------------------------
     0 | D:5      | comborobin the Demigod Delver began the quest for the Orb.
     0 | D:5      | Reached XP level 1. HP: 18/18 MP: 3/3
   386 | D:3      | Reached XP level 2. HP: 19/25 MP: 4/4
  1042 | D:2      | Succumbed to an adder's poison

Illustrated notes

Levels and vault maps discovered:
D:2:      layout_loops_corners, minmay_misc_feat_hallway,
          chequers_serial_rivers_micro_c, skrybe_limestone_x
D:3:      layout_basic, mainiacjoe_overflow_small_starburst,
          basic_ecumenical_altar, minmay_misc_feat_tower
D:4:      minmay_clustersquares, layout_loops_ring, gammafunk_ghost_grave,
          chequers_mini_garden, uniq_crazy_yiuf_cottage
D:5:      layout_basic, ebering_ghost_gozag, serial_shops, nicolae_shop_trees,
          chequers_hall_statues_y, hangedman_glass_teeth
D:6:      gammafunk_cloud_chamber, layout_basic, minmay_temple_entry_slanted,
          uniq_pikel, uniq_eustachio

Skill      XL: |  1  2 |
---------------+-------+-----
Short Blades   | 2 |  2.6
Fighting       | 3 |  3.2
Dodging        | |  1.7
Stealth        | |  4.5

Action                   || total
-------------------------++-------
Melee: Short sword       ||    68
Throw: Dart              ||    20
  Use: Potion            ||     1
Armor: Leather armour    ||    36
Dodge: Dodged            ||    67
